← All builds
Suicide front / Armada / Factory first / OBSERVED BUILD

Standard suicide front

Armada Suicide front build order · Supreme Isthmus

The role's baseline: Bot Lab at 0:21 then straight into reclaim-fed T1 bot production to contest the middle and hold until T2 arrives, with an Advanced Metal Extractor around 9:45.

#rush · 2057 distinct matches · 236 players · 72% of Armada Suicide front games · team won 59% of 2435 · Recently observed

HOW TO PLAY IT

Key timing: Bot Lab by 0:20

  1. Open with mex and lab-first to get Bot Lab up by 0:20.
  2. Expand mex and wind while lab pumps units toward middle.
  3. Push Sentry and early Rocketeer, Centurion to contest middle.
  4. Get T2 constructor out once Pond's boost lets you spare metal.
  5. Upgrade mex to Advanced Metal Extractor as you transition off T1 spam.

Phase by phase

TYPICAL OF ITS 2057 GAMES
  1. 1
  2. 2
  3. 3
PLAY THE OPENING

Follow the example game's first 6:00 step by step: what to build now, what comes next, and where it goes. At 1× it keeps pace with your own game.

  1. 1

    Bot Lab first

    Order
    1. Bot LabBot Lab done ~0:25, middle half 0:20–0:33

    Some games also: mex (44%)

  2. 2

    Bot Lab to 5:00

    Economy
    • Metal Extractor5Mex
    • Wind Turbine4Wind
    Builders
    • Construction Bot3 Con bot
    • Lazarus2 Lazarus
    Army
    • Sentry4 Sentry
    • Rocketeer16 Rocketeer
    • Tick2 Tick
    • Centurion1 Centurion
    Other
    • Radar Tower1 Radar Tower

    Some games also: pawn (37%) · con turret (34%)

    By 5:00 in all: 5 mex · 4 wind

    The example game in this phase · 47 steps
    1. Wind
    2. TickTick
    3. Wind
    4. TickTick
    5. LazarusLazarus
    6. Mex
    7. Construction BotCon bot ×2
    8. SentrySentry
    9. CenturionCenturion
    10. Mex ×2
    11. LazarusLazarus
    12. Mex
    13. Construction BotCon bot
    14. SentrySentry
    15. RocketeerRocketeer
    16. Wind
    17. SentrySentry
    18. RocketeerRocketeer
    19. SentrySentry
    20. RocketeerRocketeer
    21. Wind
    22. GraverobberGraverobber
    23. RocketeerRocketeer
    24. Mex
    25. RocketeerRocketeer
    26. Wind
    27. LazarusLazarus
    28. GraverobberGraverobber
    29. SentrySentry
    30. LazarusLazarus
    31. RocketeerRocketeer
    32. Wind
    33. SentrySentry
    34. RocketeerRocketeer
    35. BeamerBeamer
    36. RocketeerRocketeer ×2
    37. Con turret
    38. RocketeerRocketeer ×2
    39. BeamerBeamer
    40. LazarusLazarus
    41. BeamerBeamer
    42. GauntletGauntletdone 6:16
    43. RocketeerRocketeer
    44. NettleNettle
    45. Dragon's TeethDragon's Teeth ×5
    46. RocketeerRocketeer
    47. Dragon's TeethDragon's Teeth
  3. 3

    5:00 to 10:00

    Economy
    • Metal Extractor1Mex
    • Wind Turbine15Wind
    Builders
    • Construction Turret2 Con turret
    • Lazarus2 Lazarus
    • Construction Bot1 Con bot
    Army
    • Sentry1 Sentry
    • Rocketeer8 Rocketeer

    Some games also: pawn (49%) · Radar Tower (46%) · tick (44%) · centurion (44%) · energy storage (42%) · eat Bot Lab (31%)

    By 10:00 in all: 6 mex · 21 wind · 1 energy storage · 2 con turret

    The example game in this phase · 147 steps
    1. Wind
    2. Dragon's TeethDragon's Teeth
    3. Wind
    4. NettleNettle
    5. Con turret
    6. Wind ×10
    7. Con turret
    8. Wind
    9. PawnPawn
    10. Wind ×4
    11. PawnPawn
    12. Wind ×4
    13. PawnPawn
    14. Wind
    15. Con turret
    16. Wind ×4
    17. Advanced Metal ExtractorT2 mexdone 8:09 · typical 9:46
    18. Wind
    19. PawnPawn
    20. Con turret
    21. Wind
    22. Converter
    23. Wind
    24. Advanced Metal ExtractorT2 mex
    25. Wind
    26. Converter
    27. Con turret
    28. Advanced Metal ExtractorT2 mex
    29. Con turret
    30. Wind
    31. Converter
    32. Wind
    33. Converter
    34. LazarusLazarus
    35. Wind ×2
    36. Converter
    37. Wind ×3
    38. Converter
    39. Wind ×2
    40. LazarusLazarus
    41. Wind ×2
    42. Con turret
    43. Advanced Metal ExtractorT2 mex
    44. Wind ×4
    45. Con turret ×2
    46. Construction BotCon bot
    47. Wind ×2
    48. Con turret
    49. Advanced Metal ExtractorT2 mex
    50. Energy storage
    51. Converter
    52. LazarusLazarus
    53. Wind
    54. Converter
    55. Wind ×2
    56. Converter
    57. Wind
    58. LazarusLazarus
    59. Wind
    60. Converter
    61. Wind ×4
    62. Converter
    63. Wind ×4
    64. Converter
    65. Wind ×4
    66. Converter
    67. Wind ×2
    68. Converter
    69. Wind
    70. Converter
    71. Wind
    72. Converter
    73. Wind
    74. Converter
    75. Wind ×2
    76. LazarusLazarus
    77. Converter
    78. Wind
    79. Con turret
    80. Wind ×2
    81. Con turret ×2
    82. Wind
    83. Con turret
    84. LazarusLazarus
    85. Con turret
    86. Vehicle PlantVehicle Plantdone 11:41
    87. Con turret ×2
    88. Advanced Bot LabAdvanced Bot Labdone 12:06
    89. Wind
    90. Con turret
    91. Wind ×3
    92. LazarusLazarus
    93. Wind ×11
    94. Con turret
    95. Wind ×6
    96. Con turret
    97. Wind ×4
    98. Advanced Construction BotT2 con bot
    99. Wind ×2
    100. Con turret
    101. Wind ×7
    102. RattlesnakeRattlesnakedone 12:53
    103. Wind ×3
    104. Advanced Fusion ReactorAdvanced Fusion Reactornot finished by 15:00
    105. Wind ×7
    106. Vehicle PlantEat Vehicle Plantreclaimed for its metal
    107. Wind ×8
    108. ArbalestArbalest
    109. Wind ×6
    110. Advanced Bot LabEat Advanced Bot Labreclaimed for its metal
    111. Wind ×9
    112. Con turret ×2
    113. Wind ×2
    114. Con turret
    115. Wind ×2
    116. Bot LabEat Bot Labreclaimed for its metal
    117. Wind ×3
    118. Converter
    119. Wind ×2
    120. Converter
    121. Wind ×2
    122. Converter
    123. Wind
    124. Converter
    125. Wind
    126. Converter
    127. ArbalestArbalest
    128. Converter ×3
    129. Wind ×2
    130. Converter
    131. Wind
    132. Con turret
    133. Wind
    134. Con turret
    135. Converter
    136. Wind
    137. Con turret ×2
    138. Wind
    139. Con turret
    140. Wind
    141. Converter
    142. Con turret
    143. Converter
    144. Wind
    145. Converter
    146. Wind
    147. Converter ×5

Counts are medians over the build's games: half of them build more, half fewer. The example game is [crd]sisa's (45 OS, 14/10/2026); pick another.

Team trades

IN AT LEAST 30% OF ITS GAMES

You hand over

Nothing regular.

You get

  • Tidal Generator4 Tidal from Pondfirst at 0:11 · in 68% of games
  • Advanced Construction Bot1 T2 con bot from Geo or Techfirst at 7:41 · in 57% of games

How it plays out

Typical game of this build, running totals by minute

Metal produced

010k20k
0:005:0010:0015:00

metal

Enemy metal destroyed

05k10k
0:005:0010:0015:00

metal

Own metal lost

05k10k
0:005:0010:0015:00

metal

2435 games.

Show as table
ByMetal produced: This buildEnemy metal destroyed: This buildOwn metal lost: This build
1:0023000
2:0088600
3:002007185130
4:003109643501
5:0041851352996
6:00535021831706
7:00654530602588
8:00775739373496
9:00903546934370
10:001040253145146
11:001188658585952
12:001357264076663
13:001539768757432
14:001729875038209
15:001926981248981
WHAT THE NUMBERS SAY

Standard Suicide front play wins a bit over half its games while taking the heaviest own losses of any role by 15:00.

  • + Produces 20142 metal by 15:00, highest of the front roles.
  • + First kill by 2:01 in all games, fastest contest of middle.
  • − Own metal lost hits 9178 by 15:00, more than enemy metal destroyed.
  • − Only 34% Rocketeer share shows army spread thin across many bot types.
THE EXAMPLE YOU ARE READING

[crd]sisa

44.8 OS · 14/10/2026

Open source match ↗

5 received units · includes a constructor
202 metal received · 38978 energy received

Allied construction assistance is unknown. Timings are observations, not a promise of solo reproducibility.

Typical milestones

Bot Lab0:25Middle 50%: 0:20–0:33 · n=2427
Advanced Metal Extractor9:46Middle 50%: 8:50–10:59 · n=1759

Played most by

_X_265games of this buildPlatinumBlonde188games of this buildXad165games of this buildTrapCaT110games of this buildImmort80games of this build